[Event "31st Kavala Open-A 2022"]
[Site "Kavala"]
[Date "2022.07.29"]
[Round "5.15"]
[White "Rahmanidis, Petros"]
[Black "Santiago, Yago De Moura"]
[Result "1-0"]
[ECO "B08"]
[WhiteElo "2191"]
[BlackElo "2513"]
[Annotator "TA"]
[PlyCount "121"]
[EventDate "2022.07.27"]
[EventType "swiss"]
[EventCountry "GRE"]
[SourceTitle "playchess.com"]
[Source "ChessBase"]
[SourceQuality "1"]
[TimeControl "40/5400+30:1800+30"]

1. e4 d6 2. d4 Nf6 3. Nc3 g6 4. Nf3 Bg7 5. Be2 O-O 6. O-O Bg4 7. h3 Bxf3 8. Bxf3 Nc6 9. d5 Ne5 10. Be2 c6 11. f4 {[%emt 0:07:21] B08: Pirc Defence: Classical System.} Ned7 12. Bf3 {[%emt 0:04:45] [#]} Rc8 $146 ({Predecessor:} 12... Qc7 13. Be3 Rfc8 14. Qd2 cxd5 15. exd5 Nb6 16. Rae1 Nc4 17. Qc1 Nxe3 18. Qxe3 Re8 {0-1 (50) Eswaran,A (2244)-Linares Napoles,O (2255) Chess.com INT 2021}) 13. Kh1 {[%emt 0:03:58] The position is equal.} cxd5 14. exd5 Nb6 15. Re1 a6 16. a4 Re8 17. Re2 Nc4 18. Rb1 Qa5 19. Qe1 b5 20. b3 ({Don't play} 20. Rxe7 b4 21. b3 Rxe7 22. Qxe7 Re8 $19) 20... Nd7 21. Na2 ({Not} 21. Rxe7 $2 Kf8 $1 22. Re2 (22. Rxe8+ $2 Rxe8 23. Qf2 Qxc3 $19) 22... Bxc3 $19) 21... Qxe1+ 22. Rxe1 Na5 23. axb5 axb5 24. Re2 e5 25. dxe6 Rxe6 26. Nb4 Rxe2 27. Bxe2 Re8 28. Bxb5 Re1+ 29. Kh2 Nc5 30. Nd3 Nxd3 31. Bxd3 Bd4 32. b4 $1 Nb7 {[%emt 0:00:07] White stays focused until the end.} (32... Nc6 $14) 33. c4 $16 Bc3 {[%emt 0:06:14] Against Bd2} (33... Rd1 $16 {was called for.} 34. Bc2 Rf1) 34. Ba3 $18 {[%emt 0:02:01] Rxe1 is the strong threat.} Re3 {[%emt 0:00:28] [#]} 35. Rd1 Be1 36. Bc1 Bg3+ 37. Kg1 Re8 38. Kf1 h5 39. Be2 Re4 $2 (39... Nd8 40. f5 Kg7) 40. Bf3 Rxc4 41. Bxb7 Rxb4 42. Bf3 Bxf4 43. Bxf4 Rxf4 44. Rxd6 {[%emt 0:00:06][%mdl 4096] Endgame KRB-KR} Kg7 45. Kf2 Ra4 46. Ke3 Ra7 47. Rb6 Ra3+ 48. Kf4 Ra4+ 49. Ke5 Ra5+ 50. Bd5 {[%emt 0:00:30] Hoping for Rb7.} Ra1 51. Rb7 Rf1 52. Kd6 Kf8 53. Rc7 Rf6+ 54. Ke5 Rf1 55. Rc3 {[%emt 0:01:04] Strongly threatening Rf3.} Kg7 56. Rf3 {[%emt 0:00:35] Against Rf5+} Re1+ 57. Kd6 f5 58. Rc3 g5 $2 (58... Kh6 59. h4 g5) 59. Rc7+ Kf6 60. Rf7+ Kg6 61. Re7 {[%emt 0:00:33] Weighted Error Value: White=0.07 (flawless) /Black=0.16 (very precise)} 1-0

[Event "31st Kavala Open-A 2022"]
[Site "Kavala"]
[Date "2022.07.29"]
[Round "5.16"]
[White "Tsarsitalidis, Konstantinos"]
[Black "Trimitzios, Petros"]
[Result "0-1"]
[ECO "C54"]
[WhiteElo "2059"]
[BlackElo "2369"]
[Annotator "TA"]
[PlyCount "124"]
[EventDate "2022.07.27"]
[EventType "swiss"]
[EventCountry "GRE"]
[SourceTitle "playchess.com"]
[Source "ChessBase"]
[SourceQuality "1"]
[TimeControl "40/5400+30:1800+30"]

1. e4 e5 2. Nf3 Nc6 3. Bc4 Bc5 4. c3 d6 5. O-O Nf6 6. d3 a6 7. Bb3 h6 {[%emt 0:00:26] C54: Giuoco Piano: 4 c3 Nf6, main lines with 5 d4 and 5 d3.} 8. d4 Ba7 9. dxe5 (9. Be3 {looks sharper.} Ng4 10. Nbd2 O-O 11. a3) 9... Nxe5 {[%emt 0:00:21] The position is equal.} 10. Nxe5 dxe5 11. Qxd8+ Kxd8 12. Nd2 Ke7 13. Nc4 Be6 14. Nxe5 Nxe4 {[%emt 0:02:49] [#]} 15. Bxe6 $146 ({Predecessor:} 15. Bc2 Nd6 16. Re1 Rhe8 17. Bf4 g5 18. Be3 Bxe3 19. Rxe3 {½-½ (19) Lamorelle,Y (2225)-Renaze,L (2331) France 2007}) 15... Kxe6 16. Nf3 g5 (16... Rae8 {feels hotter.} 17. Bf4 Bb6 18. Rad1 g5) 17. Nd4+ Bxd4 18. cxd4 Nf6 19. Bd2 Nd5 20. Rae1+ Kd6 21. f4 g4 22. f5 h5 23. Re4 Rae8 24. Rfe1 Kd7 25. Kf2 Reg8 26. Re5 c6 27. Kg1 (27. Ke2 $15) 27... Re8 (27... g3 $17 28. h4 f6) 28. Kf2 $11 Reg8 (28... Ref8 $11) 29. Kg1 $17 h4 30. f6 Kd6 (30... Rg6 $17) 31. b3 ({White should play} 31. R1e4 $15) 31... Rg6 32. Rf1 Kd7 33. Re4 Re8 (33... Nxf6 $6 34. Ref4 Nd5 35. Rxf7+ Kc8 36. Bf4 $11) (33... Rxf6 $6 34. Rxg4 Rxf1+ 35. Kxf1 $11) (33... h3 $17 34. g3 Re8) 34. Rxe8 $1 $15 Kxe8 {[%emt 0:00:03][%mdl 4096] Endgame KRB-KRN} 35. Rf5 h3 36. Rh5 ({Better is} 36. Bg5 $15) 36... hxg2 ({Worse is} 36... Nxf6 37. Rh8+ Kd7 38. Rb8 $15) ({Inferior is} 36... Rxf6 37. gxh3 gxh3 38. Rh8+ Kd7 39. Rxh3 $15) 37. Kxg2 Nxf6 (37... Kd7 $142 38. Rh7 Ke6) 38. Rh8+ $17 Kd7 39. Rb8 b5 40. Rf8 (40. Rb7+ $17 {was worth a try.} Ke6 41. Rc7) 40... Ke6 $19 41. Ra8 Nd5 42. Rxa6 Kf5 43. Ra7 {[%emt 0:03:16] [#]} f6 ({Black should try} 43... Rf6 $1 $17 {Hoping for ...Ke4.} 44. Ra8 Re6) 44. Ra6 $15 Rg8 45. Rxc6 Ra8 46. Rc2 (46. a4 $11) 46... Ke4 47. Bc1 f5 {[%emt 0:01:00] Black is more active.} ({Reject} 47... Kxd4 48. Kg3 $11) (47... Nb4 $17 48. Re2+ Kd3) 48. Re2+ $11 Kxd4 {[%emt 0:00:19] White must now prevent ...f4.} 49. Rd2+ Ke5 {[%emt 0:01:25] next ...f4 is good for Black.} 50. Re2+ Kf6 51. Bb2+ Kg6 52. Re6+ $1 Kf7 53. Re5 Ne7 54. Kg3 Rxa2 55. Bc3 Ra6 {[%emt 0:02:36] ...Rd6 is the strong threat.} 56. Rxb5 Ke6 57. Re5+ Kd6 58. Re2 {[%emt 0:00:53] And now Bb4+ would win.} Nd5 {[%emt 0:00:27] Inhibits Bb4+.} 59. Be5+ Kd7 60. Kh4 Rg6 61. Bd4 $2 (61. Ra2 $11 {and White is okay.}) 61... g3 $1 $19 62. Bg1 {[%emt 0:00:25] [#]} (62. hxg3 $19 Rg4+ 63. Kh5 Rxd4 64. Kg5) 62... Rg4+ {[%emt 0:00:04] Weighted Error Value: White=0.27 (precise) /Black=0.14 (very precise)} 0-1

[Event "31st Kavala Open-A 2022"]
[Site "Kavala"]
[Date "2022.07.30"]
[Round "6.1"]
[White "Kilic, Eray"]
[Black "Kourkoulos-Arditis, Stamatis"]
[Result "1/2-1/2"]
[ECO "E62"]
[WhiteElo "2422"]
[BlackElo "2535"]
[Annotator "TA"]
[PlyCount "58"]
[EventDate "2022.07.27"]
[EventType "swiss"]
[EventCountry "GRE"]
[SourceTitle "playchess.com"]
[Source "ChessBase"]
[SourceQuality "1"]
[TimeControl "40/5400+30:1800+30"]

1. d4 Nf6 2. c4 g6 3. Nf3 Bg7 4. g3 O-O 5. Bg2 d6 6. O-O c6 7. Nc3 Bf5 8. Re1 Ne4 9. Qb3 {[%emt 0:00:07] 9.Qb3 scores better than 9.Nxe4.} Nxc3 10. bxc3 Be4 {[%emt 0:11:44] [#] E62: King's Indian: Fianchetto: 6...c6 and Panno Variation (6...Nc6) without ...a6.} (10... Bc8 $11) 11. Bh3 $146 ({Predecessor:} 11. Qxb7 Nd7 12. Bh3 Nb6 13. Bg5 f6 14. Nd2 Bf5 15. Bxf5 gxf5 16. Be3 Rc8 17. Qxa7 Rf7 18. Reb1 {1-0 (29) Rogozenco,T (2027)-Heinatz,M (2016) Germany 2017}) 11... Bxf3 12. exf3 Qc7 {[%emt 0:00:07] White is slightly better.} 13. c5 dxc5 14. Bf4 Qb6 15. Qa3 e6 16. dxc5 Qa6 17. Qb3 {[%emt 0:01:08][%cal Oh3e6] [#] And now Bxe6! would win.} Nd7 18. Bd6 Qa5 (18... Rfd8 {is interesting.} 19. Rad1 b6 20. cxb6 Nxb6 21. Bf1 Qa5) 19. Bxf8 ({But not} 19. Qxb7 Nxc5 20. Qb4 (20. Qxc6 $2 Rac8 $19) 20... Qxb4 21. cxb4 Nd3 22. Bxf8 Kxf8 $15) 19... Rxf8 20. Qxb7 Bxc3 21. Qxd7 {[%emt 0:06:05] [#] Hoping for Rf1.} Bxe1 22. Rd1 Bc3 $1 23. Qxc6 Qxa2 24. Qd7 {[%emt 0:05:37] Against Bd4} Qc2 25. c6 Ba5 {[%emt 0:00:06] ...Rd8 is the strong threat.} 26. Bxe6 $1 Qe2 (26... Bb6 $11 27. Rd2 Qb1+ 28. Rd1 Qc2) 27. Bb3 $14 {[%emt 0:02:53] aiming for c7.} Bb6 28. Rf1 {[%emt 0:00:38] Active counter play!} (28. Rd2 $14 Qxf3 29. Bd5) 28... Qxf3 $11 29. c7 Bxc7 $1 {[%emt 0:00:36] Weighted Error Value: White=0.12 (very precise) /Black=0.13 (very precise)} 1/2-1/2

[Event "31st Kavala Open-A 2022"]
[Site "Kavala"]
[Date "2022.07.30"]
[Round "6.3"]
[White "Bharath Subramaniyam H"]
[Black "Halkias, Stelios"]
[Result "1-0"]
[ECO "B13"]
[WhiteElo "2479"]
[BlackElo "2512"]
[Annotator "TA"]
[PlyCount "79"]
[EventDate "2022.07.27"]
[EventType "swiss"]
[EventCountry "GRE"]
[SourceTitle "playchess.com"]
[Source "ChessBase"]
[SourceQuality "1"]
[TimeControl "40/5400+30:1800+30"]

1. e4 c6 2. d4 d5 3. exd5 cxd5 4. Nf3 Nc6 5. Bb5 e6 6. O-O {[%emt 0:03:34] B13: Caro-Kann: Exchange Variation and Panov-Botvinnik Attack.} Bd6 7. c4 Nge7 8. Nc3 {[%emt 0:04:31] White has an edge.} O-O {[%emt 0:01:12] [#]} (8... a6 $5 9. Bxc6+ bxc6 $11) 9. Bg5 $146 ({Predecessor:} 9. c5 Bc7 10. a3 e5 11. Bxc6 Nxc6 12. dxe5 d4 13. Nb5 Bg4 14. Nbxd4 Nxe5 15. h3 {½-½ (60) Karjakin,S (2753)-Mamedyarov,S (2817) St Petersburg 2018}) 9... f6 10. Bh4 Kh8 11. Bg3 a6 12. Bxc6 bxc6 13. Re1 Nf5 14. Bxd6 Qxd6 15. Rc1 (15. c5 $5 Qc7 16. h3 $11) 15... g5 16. Ne2 Bd7 17. Nd2 e5 18. dxe5 fxe5 19. Ng3 Nd4 20. Nb3 $1 Nxb3 21. Qxb3 Rab8 22. Qc2 d4 23. Ne4 Qg6 24. Nc5 Bf5 25. Qd2 Rfe8 (25... Qd6 $11 26. Nxa6 Ra8) 26. Nxa6 $16 Rbd8 27. a4 (27. b4 $16) 27... h5 (27... Rd6 $1 $14) 28. Qa5 $2 (28. b4 $18) 28... Qd6 (28... e4 $1 $11) 29. Qc5 Qf6 30. Nb4 d3 {[%emt 0:00:48] ...d2 is the strong threat.} 31. Rcd1 (31. Qxc6 $2 Re6 32. Qf3 d2 33. Qxh5+ Qh6 $19) (31. Nxc6 Rc8 32. Qe3 Rxc6 $17) 31... e4 (31... d2 $2 32. Re2 $18) (31... Re6 $142) 32. Qxc6 ({Inferior is} 32. Nxc6 Rc8 33. Qd5 (33. g4 $2 Bxg4 34. Qd4 Qxd4 $19) 33... Rxc6 34. Rxd3 exd3 $17) 32... Qxb2 {[%emt 0:00:28] [#]} (32... Qxc6 $16 33. Nxc6 Rd6) 33. Nxd3 $1 $18 Qc3 {[%emt 0:00:31] [#]} (33... Qd4 34. Qh6+) 34. Rc1 Qd4 35. Qc5 ({White should play} 35. Nb4 $18 {And now Qh6+ would win.} Re6 36. Qb5) 35... Qf6 (35... Qxc5 $16 {was worth a try.} 36. Nxc5 Re5) 36. Nb4 Rc8 (36... Qf8 $142 37. Qxf8+ Rxf8) 37. Qe3 Qe5 38. Qxg5 {[%emt 0:00:20] White is clearly winning.} Rc7 39. Nd3 Qa5 (39... Qe6 $142 40. Nf4 Qe5 41. Nxh5 Bh7) 40. Qxh5+ {[%emt 0:00:00] Weighted Error Value: White=0.23 (precise) /Black=0.46} 1-0

[Event "31st Kavala Open-A 2022"]
[Site "Kavala"]
[Date "2022.07.30"]
[Round "6.4"]
[White "Can, Isik"]
[Black "Gopal G.N."]
[Result "1/2-1/2"]
[ECO "B97"]
[WhiteElo "2445"]
[BlackElo "2593"]
[Annotator "TA"]
[PlyCount "69"]
[EventDate "2022.07.27"]
[EventType "swiss"]
[EventCountry "GRE"]
[SourceTitle "playchess.com"]
[Source "ChessBase"]
[SourceQuality "1"]
[TimeControl "40/5400+30:1800+30"]

1. e4 c5 2. Nf3 d6 3. d4 cxd4 4. Nxd4 Nf6 5. Nc3 a6 6. Bg5 e6 7. f4 h6 8. Bh4 Qb6 9. Qd2 Qxb2 10. Rb1 Qa3 11. e5 dxe5 {[%emt 0:00:21] B97: Sicilian Najdorf: Poisoned Pawn.} 12. fxe5 Nfd7 13. Ne4 $1 {[%emt 0:01:06] Be2 is the strong threat.} Qxa2 14. Rd1 {[%emt 0:00:04] Black must now prevent Be2.} (14. Nc3 $2 Qa5 15. Be2 Nxe5 $19) 14... Qd5 15. Qe3 Qxe5 {[%emt 0:01:03] aiming for ...Bb4+.} (15... Nxe5 $2 16. Nb3 Qxd1+ 17. Kxd1 $18) 16. Be2 Bc5 {[%emt 0:01:56] Threatens to win with ...Bb6.} 17. Bg3 Qd5 {[%emt 0:01:26] Strongly threatening ...Nc6.} 18. c4 Bxd4 19. Rxd4 Qa5+ 20. Rd2 $1 {[%emt 0:00:14] Hoping for Nd6+.} O-O $1 {[%emt 0:00:49] next ...f5 is good for Black.} 21. Bd6 $1 (21. O-O f5 22. Nd6 Qc5 23. Qxc5 Nxc5 $17) 21... f5 $1 {[%emt 0:00:42][%mdl 4] is now more promising than 21...Rd8.} 22. Nc3 {[%emt 0:52:30] [#]} (22. Bxf8 $11 {keeps the balance.} Nxf8 23. Nd6) 22... Rf6 $146 ({Predecessor:} 22... Nf6 23. Bxf8 Kxf8 24. O-O Nbd7 25. g4 Qe5 26. Qxe5 Nxe5 27. gxf5 exf5 28. Nd5 Bd7 {1-0 (57) Sutovsky,E (2633)-Keymer,V (2491) Douglas 2018}) 23. O-O Nc6 24. Kh1 f4 (24... Kh8 $17 25. c5 e5) 25. Rxf4 $11 {[%emt 0:03:13] The position is equal.} Rxf4 26. Bxf4 {[%emt 0:00:17] A strong pair of Bishops.} Nf6 27. c5 Bd7 28. Bxh6 $1 gxh6 29. Rxd7 $1 {[%emt 0:00:05][%mdl 64] Remove Defender, Decoy} Nxd7 30. Qxe6+ Kg7 $1 (30... Kf8 31. Qxh6+ Kf7 32. Bc4+ Ke8 33. Qh5+ Kd8 34. Qh8+) 31. Qxd7+ Kf8 $1 (31... Kh8 $2 32. Bd3 $1 (32. Qxb7 $2 Rb8 $19) 32... Qa1+ 33. Bb1 $18) 32. Qd6+ (32. Qxb7 $2 Re8 $1 33. Qb2 (33. Qxc6 $2 Qa1+ 34. Nd1 Qxd1+ 35. Bxd1 Re1#) 33... Re3 $19) 32... Kg7 33. Qd7+ Kf8 $1 (33... Kh8 $2 34. Bd3 $1 (34. Qxb7 $2 Rb8 $19) 34... Qa1+ 35. Bb1 $18) 34. Qf5+ ({Avoid the trap} 34. Qxb7 $2 {[#]} Re8 $1 35. Qb2 (35. Qxc6 $2 {leads to mate.} Qa1+ 36. Nd1 Qxd1+ 37. Bxd1 Re1#) 35... Re3 $19) 34... Kg7 35. Qd7+ $1 {[%emt 0:00:36] Weighted Error Value: White=0.07 (flawless) /Black=0.03 (flawless)} 1/2-1/2

[Event "31st Kavala Open-A 2022"]
[Site "Kavala"]
[Date "2022.07.30"]
[Round "6.5"]
[White "Markidis, Konstantinos"]
[Black "Schroeder, Jan-Christian"]
[Result "0-1"]
[ECO "C96"]
[WhiteElo "2259"]
[BlackElo "2563"]
[Annotator "TA"]
[PlyCount "70"]
[EventDate "2022.07.27"]
[EventType "swiss"]
[EventCountry "GRE"]
[SourceTitle "playchess.com"]
[Source "ChessBase"]
[SourceQuality "1"]
[TimeControl "40/5400+30:1800+30"]

1. e4 e5 2. Nf3 Nc6 3. Bb5 a6 4. Ba4 Nf6 5. O-O Be7 6. Re1 b5 7. Bb3 d6 8. c3 O-O 9. h3 Na5 10. Bc2 c5 11. d4 Nd7 12. d5 Nb6 {[%emt 0:01:13] C96: Closed Ruy Lopez: Chigorin Defence: 11 d4, replies other than 11...Qc7.} 13. b3 Bd7 14. Nbd2 Qc7 {[%emt 0:00:20] The position is equal.} 15. Nf1 Rfc8 $5 {[%emt 0:00:49][%mdl 4] [#] An interesting side line.} 16. Ne3 $146 ({Predecessor:} 16. Be3 Nb7 17. Ng3 a5 18. Nd2 c4 19. bxc4 Nxc4 20. Nxc4 Qxc4 21. Bd3 Qxc3 22. Nf5 {½-½ (42) Morcin,T (2173)-Nowak,I (2224) LSS email 2019}) 16... c4 17. b4 $1 Nb7 18. Nf5 Bf8 (18... Bxf5 $5 19. exf5 a5 $15) 19. N3h4 Kh8 20. Re3 Be8 21. Rg3 f6 $1 22. Qg4 (22. Be3 $5 ) 22... Qf7 23. Be3 $36 {[%emt 0:07:31][%mdl 2048] Black is under pressure.} Na4 24. Bxa4 bxa4 25. Qe2 Bd7 26. Qd2 a5 27. Rb1 Rab8 28. Ba7 Nc5 29. Qc2 ({Better is} 29. Bxb8 $16 Nxe4 {[#]} 30. Rxg7 $1 Bxg7 31. Qe1 Nxc3 32. Qxc3 Rxb8 33. Qxc4) 29... axb4 $15 30. Rxb4 ({Wrong is} 30. Bxb8 $2 b3 31. Qe2 (31. Nxd6 $2 Bxd6 32. Qc1 Bxb8 $19) (31. axb3 $2 cxb3 32. Qb2 Rxb8 $19) 31... Rxb8 32. Qxc4 Bb5 $19) (30. cxb4 $17 {was worth a try.} Bxf5 31. bxc5 Rxb1+ 32. Qxb1 Qxa7 33. Nxf5) 30... Rxb4 $19 31. cxb4 {[%emt 0:02:23][%cal Og3g7] [#] Hoping for Rxg7!} Nd3 32. a3 $2 (32. b5 g5 33. b6 gxh4 34. Nxh4) 32... g5 {[%emt 0:02:33] Black is clearly winning.} ({Stronger than} 32... Bxf5 33. Nxf5 g6 34. Rxd3 gxf5 35. Be3 fxe4 36. Rd1 $17) 33. Nf3 Bxf5 34. exf5 Qxa7 35. h4 (35. Nxg5 $142 fxg5 36. Rxd3) 35... e4 {[%emt 0:02:18] Weighted Error Value: White=0.60/Black=0.10 (very precise)} 0-1

[Event "31st Kavala Open-A 2022"]
[Site "Kavala"]
[Date "2022.07.30"]
[Round "6.6"]
[White "Gagare, Shardul"]
[Black "Levin, Guy"]
[Result "1/2-1/2"]
[ECO "B51"]
[WhiteElo "2514"]
[BlackElo "2363"]
[Annotator "TA"]
[PlyCount "76"]
[EventDate "2022.07.27"]
[EventType "swiss"]
[EventCountry "GRE"]
[SourceTitle "playchess.com"]
[Source "ChessBase"]
[SourceQuality "1"]
[TimeControl "40/5400+30:1800+30"]

1. e4 c5 2. Nf3 Nc6 3. Bb5 g6 4. Bxc6 bxc6 5. O-O d6 6. e5 {[%emt 0:10:17] B51: Sicilian: Moscow Variation (3 Bb5+) without 3...Bd7.} dxe5 7. Nxe5 Bg7 8. Re1 {[%emt 0:01:02] White is slightly better.} Qc7 9. d4 {[%emt 0:18:10] [#]} Be6 $146 ({Predecessor:} 9... cxd4 10. Qxd4 Nf6 11. Nc3 Be6 12. Qc5 Rc8 13. Bf4 Qb7 14. Na4 O-O 15. Qa3 Qa6 {½-½ (60) Caruana,F (2795)-Kamsky,G (2678) Saint Louis 2016}) 10. Bf4 Qb6 11. dxc5 Qxb2 12. Nd2 Qd4 13. Bg3 {[%emt 0:28:38] Strongly threatening Qe2.} (13. g3 $5 ) 13... Nh6 14. Nb3 {[%emt 0:12:29] Pair of Knights!} Qxd1 15. Raxd1 Bxe5 16. Bxe5 O-O 17. Na5 Rac8 18. h3 Nf5 19. a4 h5 20. Rb1 Rfd8 21. Red1 Rxd1+ 22. Rxd1 f6 23. Bh2 Kf7 24. c3 Bd5 25. Rb1 Be4 26. Rb4 Bc2 27. Bb8 a6 28. Ba7 e5 29. Bb6 Ne7 30. Nc4 {[%emt 0:00:25] [#] Nd6+ is the strong threat.} (30. Rb2 $5 Bxa4 31. Ra2 $11) 30... Ke6 31. Nd6 Rb8 {[%emt 0:00:05] White must now prevent ...Nd5.} 32. a5 Nf5 33. Nc4 Ne7 (33... Rb7 $15) 34. Rb2 Bd3 35. Nd6 Nf5 (35... Nd5 $5 ) 36. Rd2 e4 37. Nxf5 gxf5 38. Rb2 Rb7 {[%emt 0:01:03] Weighted Error Value: White=0.13 (very precise) /Black=0.07 (flawless)} 1/2-1/2

[Event "31st Kavala Open-A 2022"]
[Site "Kavala"]
[Date "2022.07.30"]
[Round "6.7"]
[White "Beerdsen, Thomas"]
[Black "Kalogridis, Antonios"]
[Result "1-0"]
[ECO "B12"]
[WhiteElo "2500"]
[BlackElo "2272"]
[Annotator "TA"]
[PlyCount "69"]
[EventDate "2022.07.27"]
[EventType "swiss"]
[EventCountry "GRE"]
[SourceTitle "playchess.com"]
[Source "ChessBase"]
[SourceQuality "1"]
[TimeControl "40/5400+30:1800+30"]

1. e4 c6 2. d4 d5 3. e5 Bf5 4. g4 Be4 5. f3 Bg6 6. e6 {[%emt 0:00:06] B12: Caro-Kann: Advance Variation.} fxe6 7. h4 h5 8. Bd3 {[%emt 0:00:14] The position is equal.} Bxd3 9. Qxd3 Qd6 {[%emt 0:00:10] Against Bf4} 10. Ne2 {[%emt 0:00:53] [#] Hoping for Bf4. Active counter play!} Nd7 11. Bf4 e5 12. dxe5 Nxe5 13. Qc3 d4 $1 14. Qb3 {[%emt 0:00:07] [#] Threatens to win with Na3.} hxg4 $146 ({Predecessor:} 14... O-O-O 15. Nd2 hxg4 16. O-O-O Qd5 17. Bxe5 Qxe5 18. Rhe1 Qd5 19. Qxd5 Rxd5 20. Nf4 Rf5 {½-½ (76) Shukhman,A (2042)-Protopopova,A (2257) Cheliabinsk 2021}) 15. Bxe5 Qxe5 16. Qxb7 Rd8 {[%emt 0:04:32] White must now prevent ...Rh6.} 17. Qxc6+ Kf7 (17... Rd7 $1 $11 {keeps the balance.}) 18. Nd2 g5 19. fxg4 {[%emt 0:11:44] aiming for Nf3.} Rxh4 20. Rxh4 gxh4 21. Nf3 $40 {[%emt 0:00:35][%csl LRe5,LRh4][%mdl 128] White attacks with force.} Qa5+ 22. Kf1 Bg7 {[%emt 0:07:59][%mdl 8192] [#] Loses the game.} (22... Rd6 $16 {might work better.} 23. Qc8 d3 24. Qc4+ Qd5 25. Qxd5+ Rxd5) 23. Nf4 $1 $18 {[%emt 0:03:04] White threatens Qg6+ and mate.} (23. Nxh4 Qg5 24. Qc4+ Qd5 25. Qxd5+ Rxd5 $14) 23... Rd6 {[%emt 0:06:49] Against Qg6+} 24. Qc4+ e6 25. Nxe6 {[%emt 0:06:21] Pair of Knights!} Qa6 (25... Rxe6 $2 26. Re1 Qxe1+ 27. Nxe1 $18) 26. Qxa6 {[%emt 0:00:20] Really sharp!} (26. Nfg5+ Kg6 27. Qxa6 Rxa6 $16) 26... Rxa6 27. Nxg7 ({Weaker is} 27. Nfxd4 Rxe6 28. Nxe6 Kxe6 $14) (27. Nexd4 Rg6 $16) 27... Kxg7 28. Nxh4 {[%emt 0:01:17][%mdl 4096] Endgame KRN-KRN} ({Resist} 28. Nxd4 $6 Nh6 29. Kg2 Nxg4 $16) 28... Ne7 29. Nf3 Rg6 30. Re1 ({Much less strong is} 30. Nxd4 Rxg4 31. Re1 Kf7 $18) 30... Nd5 31. Nxd4 Rxg4 32. c3 Kf6 (32... Rg6 $142 33. c4 Nf4 34. Re7+ Kf6) 33. Re6+ {[%emt 0:00:07] White is clearly winning.} Kf7 34. Ra6 Ne3+ 35. Ke2 {[%emt 0:00:14] Weighted Error Value: White=0.06 (flawless) /Black=0.31} 1-0

[Event "31st Kavala Open-A 2022"]
[Site "Kavala"]
[Date "2022.07.30"]
[Round "6.8"]
[White "Kanakaris, Georgios"]
[Black "Vrolijk, Liam"]
[Result "1/2-1/2"]
[ECO "D73"]
[WhiteElo "2389"]
[BlackElo "2464"]
[Annotator "TA"]
[PlyCount "43"]
[EventDate "2022.07.27"]
[EventType "swiss"]
[EventCountry "GRE"]
[SourceTitle "playchess.com"]
[Source "ChessBase"]
[SourceQuality "1"]
[TimeControl "40/5400+30:1800+30"]

1. Nf3 d5 2. g3 Nf6 3. Bg2 c5 4. c4 g6 5. O-O Bg7 6. cxd5 Nxd5 7. d4 cxd4 8. Nxd4 O-O 9. Na3 Nb4 {[%emt 0:05:00] D73: Fianchetto Grünfeld: 5 Nf3 .} 10. Be3 N8c6 11. Nxc6 Nxc6 {[%emt 0:00:08] [#] The position is equal.} 12. Nc4 $146 ({Predecessor:} 12. Qc1 Be6 13. Rd1 Qa5 14. Bxc6 bxc6 15. Bd4 Bxd4 16. Rxd4 Rfd8 17. Nc4 Qb5 18. Rxd8+ Rxd8 {½-½ (45) Ivanchuk,V (2678)-Sethuraman,S (2644) chess24.com INT 2020}) 12... Bg4 13. Bxc6 bxc6 14. Qxd8 Rfxd8 15. f3 Be6 {[%emt 0:02:03] This bishop pair is nice.} 16. Rac1 a5 17. b3 a4 18. Nb6 axb3 19. Nxa8 {[%emt 0:00:06][%cal Oa2b3] [#] axb3! is the strong threat.} b2 20. Nc7 {[%emt 0:06:28] Threatens to win with Rcd1.} bxc1=Q 21. Rxc1 Bxa2 22. Rxc6 {[%emt 0:00:18] An even fight not without its subleties.  Weighted Error Value: White=0.04 (flawless) /Black=0.03 (flawless)} 1/2-1/2